 Dungeon Crawl Stone Soup version 0.18.1-48-g4cf74bf (webtiles) character file.

24824 Inkary the Fighter (level 12, 0/106 HPs)
             Began as a Minotaur Fighter on July 20, 2016.
             Was a High Priest of Makhleb.
             Slain by a spiny frog (10 damage)
             ... on level 1 of the Lair of Beasts.
             The game lasted 00:57:54 (14042 turns).

Inkary the Fighter (Minotaur Fighter)              Turns: 14042, Time: 00:57:55

Health: 0/106      AC: 18    Str: 17 (26) XL:     12   Next: 84%
Magic:  17/17      EV:  2    Int:  4 (5)  God:    Makhleb [*****.]
Gold:   166        SH:  0    Dex: -1 (10) Spells: 1 memorised, 20 levels left

rFire  + . .     SeeInvis .     z - +1 falchion "Joph" {flame, rElec rF+ rC++ Stlth+}
rCold  + + +     Gourm    .     S - +0 troll leather armour
rNeg   . . .     Faith    .     c - +0 shield
rPois  +         Spirit   .     W - +0 hat "Exui" {+Inv}
rElec  +         Dismiss  .     J - +0 cloak
rCorr  .         Reflect  .     X - +1 pair of gloves
SustAt .         Harm     .     N - +0 pair of boots
MR     +....                    j - amulet of rage
Stlth  ..........               T - +5 ring of slaying
                                s - ring of protection from cold

@: lethally poisoned (0 -> 0), slowed, lost dexterity, very slow, somewhat
resistant to hostile enchantments, extremely unstealthy
A: retaliatory headbutt, horns 2, iridescent scales 1, large bone plates 2,
deterioration 2, low mp 1, magic resistance 1, poison resistance, evolution 1
a: Minor Destruction, Lesser Servant of Makhleb, Major Destruction, Greater
Servant of Makhleb, Renounce Religion, Evoke Berserk Rage, Evoke Invisibility


You were on level 1 of the Lair of Beasts.
You worshipped Makhleb.
Makhleb was extremely pleased with you.
You were not hungry.

You visited 3 branches of the dungeon, and saw 15 of its levels.
You also visited: Ossuary.

You collected 1113 gold pieces.
You spent 947 gold pieces at shops.

Inventory:

Hand Weapons
 g - a +4 morningstar
 z - the +1 falchion "Joph" (weapon) {flame, rElec rF+ rC++ Stlth+}
   (You found it on level 9 of the Dungeon)

   It has been specially enchanted to burn those struck by it, causing extra
   injury to most foes and up to half again as much damage against particularly
   susceptible opponents.
   Big, fiery blades are also staple armaments of hydra-hunters.
   It protects you from fire.
   It greatly protects you from cold.
   It insulates you from electricity.
   It makes you more stealthy.
 R - the +1 flail of Mourning {drain, MP-9 Int+5}
   (You found it on level 7 of the Dungeon)

   A truly terrible weapon, it drains the life of those it strikes.
   It affects your intelligence (+5).
   It affects your magic capacity (-9).
Armour
 c - a +0 shield (worn)
 J - a +0 cloak (worn)
 N - a +0 pair of boots (worn)
 S - a +0 troll leather armour (worn)
 W - the +0 hat "Exui" (worn) {+Inv}
   (You bought it in a shop on level 10 of the Dungeon)

   It lets you turn invisible.
 X - a +1 pair of gloves (worn)
 Y - the +4 chain mail of Kuzethru {rPois rN+}
   (You bought it in a shop on level 12 of the Dungeon)

   It protects you from poison.
   It protects you from negative energy.
Jewellery
 j - an amulet of rage (around neck)
 s - a ring of protection from cold (left hand)
 y - an uncursed ring of protection from fire {unknown}
 A - a +3 ring of intelligence
 T - a +5 ring of slaying (right hand)
Wands
 t - a wand of slowing (47/48)
 C - a wand of random effects (27/48)
 F - a wand of digging (8/24)
 G - a wand of slowing (37/48)
 P - a wand of disintegration (2/24)
 Q - a wand of polymorph (12/24)
 U - a wand of lightning (11/15)
Scrolls
 h - 10 scrolls of remove curse
 l - 2 scrolls of recharging
 m - a scroll of enchant weapon {unknown}
 n - 3 scrolls of teleportation
 q - 2 scrolls of magic mapping {unknown}
 x - 3 scrolls of amnesia
 I - 2 scrolls of silence
 V - a scroll of fog
Potions
 a - a potion of flight {unknown}
 i - 3 potions of cancellation
 k - 2 potions of magic
 o - 9 potions of curing
 u - 2 potions of resistance
 v - 2 potions of lignification {unknown}
 B - 2 potions of might
 D - a potion of brilliance
 H - a potion of mutation {unknown}
 L - 4 potions of ambrosia
 M - a potion of invisibility {unknown}
Comestibles
 d - 16 fruits
 f - 7 bread rations
 p - 9 meat rations
 K - a beef jerky


   Skills:
 + Level 9.9 Fighting
 + Level 9.5 Long Blades
   Level 9.5 Axes
 - Level 9.6 Armour
 * Level 9.8 Shields
 - Level 5.5 Spellcasting
 - Level 5.0 Translocations
 + Level 9.2 Invocations


You had 20 spell levels left.
You knew the following spells:

 Your Spells              Type           Power        Failure   Level  Hunger
a - Blink                 Tloc           N/A          17%         2    ###....


Dungeon Overview and Level Annotations

Branches:
Dungeon (13/15)            Temple (1/1) D:4            Lair (1/8) D:11
    Orc (0/2) D:9
 Vaults: D:13-14

Altars:
Ashenzari
Cheibriados
Dithmenos
Elyvilon
Fedhas
Gozag
Kikubaaqudgha
Makhleb
Nemelex Xobeh
Okawaru
Pakellas
Qazlal
Ru
Sif Muna
Trog
Vehumet
Xom
Yredelemnul
Zin
The Shining One

Shops:
D:10 [=}*[   D:12 [


Innate Abilities, Weirdness & Mutations

You reflexively headbutt those who attack you in melee.
You have a pair of horns on your head.
You are partially covered in iridescent scales (AC +4).
You are mostly covered in large bone plates (AC +3, SH +3).
Your body often deteriorates upon taking damage.
Your magical capacity is low (-10% MP).
You are resistant to hostile enchantments.
Your system is resistant to poisons.
You evolve.


Message History

Your body deteriorates!
You feel weakened.
You hit the spiny frog. You burn the spiny frog.
The spiny frog is almost dead.
You feel sick.
The spiny frog stings you but does no damage.
The river rat bites the plant but does no damage.
You hit the spiny frog but do no damage.
The spiny frog is almost dead.
You feel sick. The spiny frog stings you!!
* * * LOW HITPOINT WARNING * * *
Your body deteriorates!
You feel weakened.
The river rat completely misses the plant.
The spiny frog stings you!
* * * LOW HITPOINT WARNING * * *
Drink which item? (? for menu, Esc to quit)
Okay, then.
A demon appears!
You feel slightly more hungry.
You feel sick.
The spiny frog stings you but does no damage.
The river rat bites the plant.
The spiny frog stings you!
You die...

≈P#≈≈.....P≈≈≈≈P.§#≈≈≈#.##.#
≈###≈.r.r.P≈≈≈≈P..#§≈≈#.##.#
≈###≈.....P≈≈≈≈P..§####....# #.#
≈≈≈≈≈.....P≈≈≈≈P..#####.#..# #.#
≈≈≈≈≈.....P≈≈r≈P..#####.#..# P.#
..........PPPPPP....###.#..## #.#
........................#...# #.#
..............4.............# #.#
................@F..........###.#
............................#....
............................#4#.#
..............................###
..............................#
..............................###
............................#....
.................................
............................#####


You could see a spiny frog, a river rat and a friendly hellwing.

Vanquished Creatures
  Erolcha (D:8)
  2 hill giants
  Pikel (D:5)
  A deep elf mage (D:12)
  2 ugly things (D:12)
  3 cyclopes
  An oklob plant (D:11)
  A manticore (D:12)
  A gargoyle (D:12)
  A komodo dragon (Lair:1)
  A kobold demonologist (D:13)
  3 trolls
  Prince Ribbit (D:6)
  2 two-headed ogres (D:10)
  2 slime creatures (D:12)
  Grinder (D:3)
  A spriggan (D:12)
  A wraith (D:9)
  4 wyverns
  11 yaks
  A hog (D:13)
  6 hippogriffs
  A basilisk (D:13)
  3 vampire mosquitoes
  A hungry ghost (D:7)
  A mottled dragon (D:9)
  2 water moccasins (D:7)
  A porcupine (Lair:1)
  8 orc warriors
  6 sky beasts
  5 phantoms
  5 ice beasts
  2 necrophages
  7 centaurs
  4 ogres
  3 elf zombies (Ossuary)
  A big kobold (D:13)
  7 giant frogs
  2 scorpions
  19 killer bees
  4 howler monkeys (D:12)
  2 electric eels (D:6)
  5 crimson imps
  2 centaur zombies
  3 giant frog zombies
  A human zombie (Ossuary)
  6 jellies
  3 hounds
  3 centaur skeletons
  10 orc priests
  A giant frog skeleton (D:6)
  A gnoll shaman (D:7)
  6 iguanas
  Terence (D:2)
  10 orc wizards
  8 worker ants
  A killer bee zombie (D:9)
  2 big kobold zombies (Ossuary)
  2 hound zombies (Ossuary)
  A hound skeleton (D:7)
  4 mummies
  A worker ant zombie (D:9)
  8 gnolls (D:3)
  20 adders
  9 river rats (Lair:1)
  2 shadow imps
  3 adder zombies (Ossuary)
  An adder skeleton (D:4)
  4 worms
  4 dart slugs
  A giant gecko (D:2)
  38 orcs
  2 ball pythons
  10 giant cockroaches
  A gnoll zombie (Ossuary)
  7 goblins
  7 hobgoblins
  2 jackals (D:10)
  4 quokkas
  10 bats
  A giant gecko zombie (D:5)
  A giant newt (D:3)
  4 goblin zombies (Ossuary)
  6 hobgoblin zombies (Ossuary)
  4 jackal zombies (Ossuary)
  8 kobolds
  4 kobold zombies (Ossuary)
  2 orc zombies (Ossuary)
  A quokka skeleton (D:8)
  4 quokka zombies (Ossuary)
  7 rats
  A plant (D:11)
379 creatures vanquished.

Vanquished Creatures (collateral kills)
  Kirke (D:13)
  A death knight (D:13)
  A catoblepas (D:13)
  A hill giant (D:11)
  A deep elf mage (D:12)
  A cyclops (D:13)
  A spiny frog (Lair:1)
  A komodo dragon (Lair:1)
  2 slime creatures (D:12)
  3 yaks (Lair:1)
  A hungry ghost (D:13)
  2 vampire mosquitoes (Lair:1)
  A hippogriff (Lair:1)
  2 insubstantial wisps (Lair:1)
  A water moccasin (Lair:1)
  A swamp drake (Lair:1)
  An orc warrior (D:10)
  A black bear (D:10)
  An ogre (D:10)
  A centaur (D:11)
  2 giant frogs
  A quasit (D:13)
  A jelly (D:11)
  5 sheep (Lair:1)
  6 river rats (Lair:1)
  2 orcs (D:10)
42 creatures vanquished.

Vanquished Creatures (others)
  3 humans (D:13)
  A hound (D:5)
  A giant cockroach (D:5)
5 creatures vanquished.

Grand Total: 426 creatures vanquished

Notes
Turn   | Place    | Note
--------------------------------------------------------------
     0 | D:1      | Inkary the Minotaur Fighter began the quest for the Orb.
     0 | D:1      | Reached XP level 1. HP: 19/19 MP: 0/0
   144 | D:1      | Reached XP level 2. HP: 22/27 MP: 1/1
   644 | D:2      | Reached XP level 3. HP: 25/33 MP: 2/2
   926 | D:2      | Reached XP level 4. HP: 40/41 MP: 3/3
  1207 | D:3      | Noticed Terence
  1210 | D:3      | Noticed Grinder
  1225 | D:2      | Killed Terence
  1225 | D:2      | Reached XP level 5. HP: 4/47 MP: 4/4
  1517 | D:3      | Killed Grinder
  1517 | D:3      | Reached skill level 5 in Fighting
  1517 | D:3      | Reached skill level 5 in Armour
  1517 | D:3      | Reached skill level 5 in Shields
  1517 | D:3      | Reached XP level 6. HP: 42/56 MP: 5/5
  2114 | D:3      | Found an opulent altar of Gozag.
  2755 | D:4      | Reached skill level 5 in Axes
  2788 | D:4      | Found a staircase to the Ecumenical Temple.
  2862 | Temple   | Entered the Ecumenical Temple
  2924 | Temple   | Became a worshipper of Makhleb the Destroyer
  2976 | D:4      | Reached XP level 7. HP: 29/61 MP: 6/6
  3397 | D:4      | Reached skill level 1 in Invocations
  3856 | D:5      | Entered Level 5 of the Dungeon
  3911 | D:5      | Found a sand-covered staircase.
  3919 | Ossuary  | Entered an ossuary
  4045 | Ossuary  | Reached * piety under Makhleb
  4154 | Ossuary  | Reached XP level 8. HP: 54/70 MP: 8/8
  4641 | D:5      | Noticed Pikel
  4662 | D:5      | Reached ** piety under Makhleb
  4676 | D:5      | Killed Pikel
  5130 | D:6      | Reached XP level 9. HP: 79/79 MP: 10/10
  5145 | D:6      | Found a shattered altar of Ashenzari.
  5429 | D:6      | Noticed Prince Ribbit
  5486 | D:6      | Killed Prince Ribbit
  6468 | D:7      | Found an iron altar of Okawaru.
  6485 | D:7      | Found a radiant altar of Vehumet.
  6695 | D:7      | Found a shattered altar of Ashenzari.
  6969 | D:7      | Reached skill level 5 in Invocations
  7054 | D:7      | Reached *** piety under Makhleb
  7196 | D:7      | Got a transparent flail
  7197 | D:7      | Identified the cursed +1 flail of Mourning {drain, MP-9 Int+5} (You found it on level 7 of the Dungeon)
  7333 | D:7      | Gained mutation: You evolve. [mutagenic meat]
  7334 | D:7      | Gained mutation: You are partially covered in large bone plates (AC +2, SH +2). [mutagenic meat]
  7335 | D:7      | Gained mutation: Your mind is acute. (Int +2) [mutagenic meat]
  7336 | D:7      | Gained mutation: You are mostly covered in large bone plates (AC +3, SH +3). [mutagenic meat]
  7337 | D:7      | Gained mutation: Your magical capacity is low (-10% MP). [mutagenic meat]
  7338 | D:7      | Gained mutation: You are partially covered in iridescent scales (AC +4). [potion of beneficial mutation]
  7501 | D:8      | Reached XP level 10. HP: 84/90 MP: 2/11
  7616 | D:8      | Noticed Erolcha
  7626 | D:8      | Killed Erolcha
  7935 | D:8      | Reached **** piety under Makhleb
  8265 | D:9      | Gained mutation: You have supernaturally acute eyesight. [mutagenic meat]
  8268 | D:9      | Gained mutation: Your body sometimes deteriorates upon taking damage. [mutagenic meat]
  8357 | D:9      | Learned a level 2 spell: Blink
  8409 | D:9      | Found a staircase to the Orcish Mines.
  8589 | D:9      | Reached skill level 1 in Spellcasting
  8597 | D:9      | Got a brightly glowing falchion
  8600 | D:9      | Identified the +1 falchion "Joph" {flame, rElec rF+ rC++ Stlth+} (You found it on level 9 of the Dungeon)
  8719 | D:10     | Entered Level 10 of the Dungeon
  8725 | D:10     | Reached skill level 1 in Long Blades
  8732 | D:10     | Noticed a hill giant
  8868 | D:9      | Killed a hill giant
  8868 | D:9      | Reached skill level 1 in Translocations
  8873 | D:9      | Reached XP level 11. HP: 82/99 MP: 13/13
  8933 | D:10     | Found a shadowy altar of Dithmenos.
  8998 | D:10     | Reached ***** piety under Makhleb
  9411 | D:10     | Found Mimaops's Antique Armour Shoppe.
  9437 | D:10     | Bought a faintly glowing hat for 324 gold pieces
  9442 | D:10     | Identified the cursed +0 hat "Exui" {+Inv} (You bought it in a shop on level 10 of the Dungeon)
  9452 | D:10     | Found Taricsic's Jewellery Emporium.
  9457 | D:10     | Found Bowayn's Gadget Shoppe.
  9457 | D:10     | Found Bouniucw's Assorted Antiques.
  9458 | D:10     | Found Geanijeatopn's Antique Armour Boutique.
  9484 | D:10     | Bought a pair of glowing gloves for 121 gold pieces
  9484 | D:10     | Bought a scroll of identify for 54 gold pieces
  9576 | D:10     | Lost mutation: Your mind is acute. (Int +2) [evolution]
  9733 | D:11     | Noticed a hill giant
  9762 | D:11     | Killed a hill giant
  9812 | D:11     | Found a staircase to the Lair.
  9812 | D:11     | Noticed an oklob plant
  9975 | D:11     | Killed an oklob plant
  9998 | D:11     | Gained mutation: Your body often deteriorates upon taking damage. [mutagenic meat]
 10063 | D:11     | Noticed a hill giant
 10088 | D:11     | Killed a hill giant
 10337 | D:11     | Reached skill level 5 in Long Blades
 10587 | D:12     | Noticed a white ugly thing
 10602 | D:12     | Killed a white ugly thing
 10715 | D:12     | Noticed a deep elf mage
 10748 | D:12     | Killed a deep elf mage
 10804 | D:12     | Found Xacw's Antique Armour Shop.
 10850 | D:12     | Bought an embroidered cloak for 144 gold pieces
 10850 | D:12     | Bought an agate-encrusted chain mail for 304 gold pieces
 10851 | D:12     | Noticed a green ugly thing
 10879 | D:12     | Killed a green ugly thing
 10883 | D:12     | Lost mutation: You have supernaturally acute eyesight. [mutagenic meat]
 10884 | D:12     | Gained mutation: You are resistant to hostile enchantments. [mutagenic meat]
 11111 | D:12     | Identified the +4 chain mail of Kuzethru {rPois rN+} (You bought it in a shop on level 12 of the Dungeon)
 11321 | D:12     | Gained mutation: Your system is resistant to poisons. [evolution]
 11471 | D:12     | Reached XP level 12. HP: 83/105 MP: 15/15
 12376 | D:13     | Noticed Kirke
 12451 | D:13     | Killed Kirke
 12451 | D:13     | Reached skill level 5 in Spellcasting
 12863 | D:13     | Noticed a death knight
 12876 | D:13     | Lost dexterity.
 12890 | D:13     | Killed a death knight
 13188 | D:13     | Noticed a catoblepas
 13206 | D:13     | Killed a catoblepas
 13376 | Lair:1   | Entered Level 1 of the Lair of Beasts
 13944 | Lair:1   | Reached skill level 5 in Translocations
 13951 | Lair:1   | Identified a scroll of acquirement
 14042 | Lair:1   | Slain by a spiny frog

Skill      XL: |  1  2  3  4  5  6  7  8  9 10 11 12 |
---------------+-------------------------------------+-----
Axes           | 3 4 5 6 7 8 9 |  9.5
Fighting       | 4 5 6 7 8 9 |  9.9
Shields        | 4 5 6 7 8 9 |  9.8
Armour         | 4 5 6 7 8 9 |  9.6
Invocations    | 2 3 5 6 7 9 |  9.2
Spellcasting   | 1 4 5 |  5.5
Long Blades    | 2 7 9 |  9.5
Translocations | 1 4 5 |  5.0

Action                   |  1- 3 |  4- 6 |  7- 9 | 10-12 || total
-------------------------+-------+-------+-------+-------++-------
Melee: War axe           |    86 |    67 |   413 |       ||   566
       Headbutt          |    11 |    34 |    81 |   241 ||   367
       Falchion          |       |   120 |       |   826 ||   946
       Flail             |       |       |    21 |   206 ||   227
       Unarmed           |       |       |       |    10 ||    10
Invok: Minor Destruction |       |       |    14 |       ||    14
       Major Destruction |       |       |       |     8 ||     8
       Lesser Servant of |       |       |       |    21 ||    21
  Use: Potion            |       |     1 |     1 |     4 ||     6
       Scroll            |       |     6 |     3 |    18 ||    27
 Stab: Distracted        |       |       |       |     1 ||     1
       Sleeping          |       |       |       |     1 ||     1
  Eat: Chunk             |       |     7 |    23 |    26 ||    56
       Beef jerky        |       |       |     1 |     2 ||     3
       Bread ration      |       |       |     1 |       ||     1
       Fruit             |       |       |       |     3 ||     3
       Pizza             |       |       |       |     1 ||     1
       Royal jelly       |       |       |       |     2 ||     2
Armor: Scale mail        |    46 |    77 |   151 |       ||   274
       Plate armour      |       |       |       |   265 ||   265
       Chain mail        |       |       |       |    69 ||    69
       Troll leather arm |       |       |       |   194 ||   194
Dodge: Dodged            |    35 |    46 |   116 |   226 ||   423
Block: Shield            |    44 |   120 |   219 |   681 ||  1064
